 Dungeon Sprint DCSS version 0.30-a0-51-g784eafce7f (webtiles) character file.

Game seed: 1307479236691777658

4673 Ankalagon the Covert (level 10, 0/81 HPs)
             Began as a Demigod Enchanter on Sept 5, 2022.
             Engulfed by a cloud of freezing vapour (18 damage)
             ... in the Dungeon (Sprint II: "The Violet Keep of Menkaure").
             The game lasted 00:22:15 (2783 turns).

Ankalagon the Covert (Demigod Enchanter)            Turns: 2783, Time: 00:22:16

Health: 0/81       AC:  5    Str:  9    XL:     10   Next: 1%
Magic:  10/25      EV: 13    Int: 25    God:
Gold:   12         SH:  0    Dex: 16    Spells: 8/24 levels left

rFire   + . .      SeeInvis .    e - +2 short sword (venom)
rCold   . . .      Faith    .    (no shield)
rNeg    . . .      Spirit   .    h - +2 leather armour {rPois}
rPois   +          Reflect  .    c - +0 helmet of Lozuecuy {Contam Fly rF+}
rElec   .          Harm     .    (no cloak)
rCorr   .          Rampage  .    (no gloves)
Will    +....      NoTele   +    b - +0 pair of boots
Stlth   +++++.....               (no amulet)
HPRegen 0.23/turn                (no ring)
MPRegen 0.19/turn                (no ring)

@: flying, very slightly contaminated
A: high MP 1, forlorn, divine attributes, clumsy 1, deformed body
a: no special abilities


You were in the Dungeon.
You visited 1 branch You collected 1420 gold pieces.
You spent 1408 gold pieces at shops.

Inventory:

Hand Weapons
 a - a +1 dagger
 e - a +2 short sword of venom (weapon)
Armour
 b - a +0 pair of boots (worn)
 c - the +0 helmet of Lozuecuy (worn) {Contam Fly rF+}
   (You bought it in a shop in the Dungeon)

   rF:        It protects you from fire.
   Fly:       It grants you flight.
   Contam:    It causes magical contamination when unequipped.
 h - a +2 leather armour of poison resistance (worn)
 i - an orb of guile
 m - a +0 kite shield
Scrolls
 l - a scroll of poison {unknown}
 n - 2 scrolls of vulnerability
 o - a scroll of immolation {unknown}
 p - a scroll of blinking
 s - a scroll of torment {unknown}
 v - a scroll of enchant weapon {unknown}
Potions
 d - 3 potions of curing
 f - 3 potions of brilliance
 g - 5 potions of magic
 j - 2 potions of lignification
 q - 4 potions of flight
 r - a potion of mutation
 t - 3 potions of resistance
 u - a potion of attraction {unknown}


   Skills:
 - Level 5.0 Fighting
 - Level 8.0 Short Blades
 - Level 5.0 Dodging
 - Level 12.4 Stealth
 + Level 7.8 Spellcasting
 + Level 8.1 Conjurations
 - Level 9.1 Hexes
 + Level 6.9 Fire Magic
 - Level 4.0 Ice Magic


You had 8 spell levels left.
You knew the following spells:

 Your Spells              Type           Power      Damage    Failure   Level
d - Dazzling Flash        Conj/Hex       100%       N/A       1%          3
e - Confusing Touch       Hex            53%        N/A       1%          3
f - Fireball              Conj/Fire      23%        3d11      11%         5
g - Tukima's Dance        Hex            53%        N/A       1%          3
r - Ensorcelled Hibernat  Hex/Ice        84%        N/A       1%          2

Your spell library contained the following spells:

 Spells                   Type           Power      Damage    Failure   Level
 Foxfire                  Conj/Fire      100%       2x1d9     1%          1
 Slow                     Hex            100%       N/A       1%          1
 Necrotise                Necr           36%        1d5       9%          1
 Vampiric Draining        Necr           9%         2d6       26%         3
 Agony                    Necr           9%         N/A       94%         5
 Simulacrum               Ice/Necr       9%         N/A       99%         6
 Necromutation            Tmut/Necr      4%         N/A       100%        8


Dungeon Overview and Level Annotations

Branches:
Dungeon (1/1)

Shops:
D =!:?[!:(*(([:[=

Annotations:
D exclusion: oklob plant


Innate Abilities, Weirdness & Mutations

You have an increased reservoir of magic. (+10% MP)
You shall have no god before yourself.
Your divine heritage dramatically boosts your attributes as you level up.
You are clumsy. (Dex -2)
Armour fits poorly on your strangely shaped body.


Message History

The fireball explodes!
You hear a sizzling sound!
The fireball engulfs the ice statue!
The ice statue melts!
The ice statue is almost destroyed.
You hear a sizzling sound! x4
You are engulfed in freezing vapours.
Which direction?
You reach down and close the gate.
You start resting.
The ice statue glitters chillingly in the dim dungeon light. x4
Magic restored.
This gate is marked as excluded!
Open it anyway?
You reach down and open the gate.
Casting: Fireball (dangerous; 11% risk of failure)
Confirm with . or Enter, or press ? or * to list all spells.
Aiming: Fireball (dangerous; 11% risk of failure)
Press: ? - help, Shift-Dir - straight line The fireball explodes!
You hear a sizzling sound!
The fireball engulfs the ice statue!!
The ice statue melts!
The ice statue is almost destroyed.
You hear a sizzling sound! x2
You are engulfed in freezing vapours.
Casting: Fireball (dangerous; 11% risk of failure)
Confirm with . or Enter, or press ? or * to list all spells.
Aiming: Fireball (dangerous; 11% risk of failure)
Press: ? - help, Shift-Dir - straight line You miscast Fireball.
You are very lightly contaminated with residual magic.
Strange energies run through your body!
You are engulfed in freezing vapours.
* * * LOW HITPOINT WARNING * * *
Casting: Fireball (dangerous; 11% risk of failure)
Confirm with . or Enter, or press ? or * to list all spells.
Aiming: Fireball (dangerous; 11% risk of failure)
Press: ? - help, Shift-Dir - straight line The fireball explodes!
The fireball engulfs the ice statue!
The ice statue melts!
You destroy the ice statue!
You are engulfed in freezing vapours.
You die...

,,,,,,*,,*******,****,,,,,,,,*,,,
+******+**,,####+####,,,,,,,,*,,,
∩∩∩∩∩∩*,,+,##.°..°○°##⌠,,,,*+***,
∩∩∩∩∩∩*,,*##.○.°°°°°○##,,,,*,,*▓▓
********,,+...°.○○○☼○.#*++**,,,+°
,,,**,,,**##.....○☼..#*~,^,***,#.
,,,,*,,,,*~##,°...○.#*,~,^,,,**#.
##########~~#+++#''°##***,,,,*,*#
#########~~~...°@°...#,,+^,,,*,,#
.......∩#~~~~.##°##..#,,***#.*,k#
∩...[.∩.#~~~~##.#.##.####,,+.##.#
.∩..)∩.∩#~~~~#..#..#....#,,*...##
∩.∩.∩.∩.#~~#####.#####..##**#^.##
.∩.∩.∩..#~##.###'###.##..#,,+.^#.
....∩...#~#...##.##...#..#,,#..#.
...⌠....'~'###'.<.'.##'..####..##
........#~#...##.##...#....###...


There were no monsters in sight!

Vanquished Creatures
  2 boulder beetles (D)
  2 deep trolls (D)
  An ice statue (D)
  A yaktaur (D)
  3 polar bears (D)
  A hornet (D)
  3 neqoxecs (D)
  Menkaure (D)
  4 water moccasins (D)
  4 necrophages (D)
  4 scorpions (D)
  A hell rat (D)
27 creatures vanquished.

Vanquished Creatures (others)
  A neqoxec (D)
  4 tentacles (D)
5 creatures vanquished.

Grand Total: 32 creatures vanquished

Notes
Turn   | Place    | Note
-------+----------+-------------------------------------------
     0 | D        | Ankalagon the Demigod Enchanter began the quest for the
                  | Orb.
     0 | D        | Reached XP level 1. HP: 14/14 MP: 5/5
     1 | D        | Noticed a scorpion
     1 | D        | Noticed a scorpion
     6 | D        | Killed a scorpion
     7 | D        | Reached skill level 4 in Stealth
     7 | D        | Reached XP level 2. HP: 20/20 MP: 6/9
     7 | D        | Reached XP level 3. HP: 26/26 MP: 6/10
     8 | D        | Killed a scorpion
     9 | D        | Reached skill level 5 in Stealth
     9 | D        | Reached skill level 5 in Hexes
     9 | D        | Reached XP level 4. HP: 33/33 MP: 7/13
    12 | D        | Reached skill level 6 in Stealth
    12 | D        | Reached XP level 5. HP: 38/38 MP: 8/15
    14 | D        | Reached skill level 5 in Short Blades
    14 | D        | Reached skill level 5 in Spellcasting
    73 | D        | Reached skill level 7 in Stealth
    73 | D        | Reached XP level 6. HP: 34/45 MP: 18/18
   112 | D        | Learned a level 3 spell: Confusing Touch
   116 | D        | Learned a level 3 spell: Tukima's Dance
   119 | D        | Learned a level 2 spell: Ensorcelled Hibernation
   123 | D        | Learned a level 3 spell: Dazzling Flash
   152 | D        | Noticed a neqoxec
   155 | D        | Noticed a boulder beetle
   155 | D        | Noticed a boulder beetle
   183 | D        | Found Qusuhyuwa's Antique Weapon Emporium.
   184 | D        | Found Reteyl's General Store.
   184 | D        | Found Joninas's Antique Weapon Shoppe.
   185 | D        | Found Reiptiot's Book Shoppe.
   185 | D        | Found Ylaivud's Jewellery Emporium.
   185 | D        | Found Jipuet's Antique Weapon Shoppe.
   186 | D        | Found Ponoq's Book Emporium.
   186 | D        | Found Kethrea's Distillery.
   186 | D        | Found Tigaogaf's Antique Armour Shoppe.
   187 | D        | Found Qeiwoxu's Antique Armour Shoppe.
   189 | D        | Found Laefeane's Antique Armour Emporium.
   189 | D        | Found Ilalin's Magic Scroll Shoppe.
   189 | D        | Noticed Menkaure
   189 | D        | Noticed a polar bear
   189 | D        | Noticed a polar bear
   189 | D        | Noticed an oklob plant
   189 | D        | Noticed a water moccasin
   190 | D        | Found Tuekhopt's Distillery.
   190 | D        | Found Damer's Jewellery Emporium.
   190 | D        | Found Etumn's Book Shoppe.
   190 | D        | Noticed a hell hog
   191 | D        | Noticed a hell hog
   194 | D        | Killed a water moccasin
   195 | D        | Reached skill level 8 in Stealth
   195 | D        | Reached skill level 1 in Conjurations
   195 | D        | Reached skill level 1 in Ice Magic
   209 | D        | Killed Menkaure
   210 | D        | Reached XP level 7. HP: 38/50 MP: 16/20
   224 | D        | Noticed an iron elemental
   233 | D        | Bought a distressingly furry helmet for 228 gold pieces
   233 | D        | Identified the +0 helmet of Lozuecuy {Contam Fly rF+} (You
                  | bought it in a shop in the Dungeon)
   242 | D        | Bought a glowing short sword for 174 gold pieces
   313 | D        | Noticed an ice statue
   344 | D        | Killed a neqoxec
   344 | D        | Noticed a neqoxec
   345 | D        | Reached skill level 1 in Fighting
   353 | D        | Killed a neqoxec
   385 | D        | Killed a neqoxec
   409 | D        | Noticed a neqoxec
   661 | D        | Bought a scroll of magic mapping for 75 gold pieces
   667 | D        | Bought a glowing leather armour for 95 gold pieces
   683 | D        | Bought a pair of boots for 108 gold pieces
   723 | D        | Noticed a yaktaur
   723 | D        | Noticed a hornet
   723 | D        | Noticed a polar bear
   724 | D        | Noticed a polar bear
   724 | D        | Noticed a polar bear
   734 | D        | Killed a polar bear
   735 | D        | Reached skill level 9 in Stealth
  1060 | D        | Killed a boulder beetle
  1061 | D        | Reached skill level 5 in Fighting
  1061 | D        | Reached skill level 5 in Dodging
  1061 | D        | Reached skill level 10 in Stealth
  1061 | D        | Reached skill level 11 in Stealth
  1061 | D        | Reached XP level 8. HP: 68/68 MP: 19/21
  1078 | D        | Killed a boulder beetle
  1079 | D        | Reached skill level 12 in Stealth
  1079 | D        | Reached XP level 9. HP: 42/74 MP: 14/22
  1153 | D        | Gained mutation: Armour fits poorly on your strangely
                  | shaped body. [a neqoxec]
  1154 | D        | Gained mutation: You are clumsy. (Dex -2) [a neqoxec]
  1200 | D        | Bought Osucept's Handbook of the Pyre for 176 gold pieces
  1206 | D        | Learned a level 5 spell: Fireball
  1230 | D        | HP: 2/74 [yaktaur/bolt (17)]
  1631 | D        | Killed a yaktaur
  1632 | D        | Reached skill level 5 in Conjurations
  1926 | D        | Bought 2 potions of brilliance for 80 gold pieces
  1926 | D        | Bought a potion of brilliance for 40 gold pieces
  1926 | D        | Bought a potion of curing for 30 gold pieces
  1926 | D        | Bought a potion of curing for 30 gold pieces
  1968 | D        | Noticed a kraken
  1975 | D        | Reached skill level 5 in Fire Magic
  1983 | D        | Noticed a deep troll
  1984 | D        | Noticed a deep troll
  1986 | D        | Killed a deep troll
  1992 | D        | Killed a deep troll
  1993 | D        | Reached XP level 10. HP: 37/81 MP: 21/25
  2184 | D        | Noticed a sphinx
  2184 | D        | Noticed a sphinx
  2251 | D        | Got the Compendium of the Dead
  2494 | D        | Bought a runed orb for 252 gold pieces
  2496 | D        | Bought a runed dagger for 100 gold pieces
  2502 | D        | Bought a scroll of identify for 20 gold pieces
  2783 | D        | Killed an ice statue
  2783 | D        | Engulfed by a cloud of freezing vapour

Illustrated notes

Levels and vault maps discovered:
D:        the_violet_keep_of_menkaure [sprint2_stairs_cluster_1,
          sprint2_shoproom, sprint2_temple, sprint2_basic_supplies,
          sprint2_obstacle_5, sprint2_obstacle_4, sprint2_obstacle_2,
          sprint2_obstacle_6, sprint2_obstacle_1, sprint2_timed_cluster_1,
          sprint2_smallroom_cluster_1, sprint2_smallroom_final_cluster_1,
          sprint2_transparent_cluster_1, sprint2_second_timed_cluster_1,
          sprint2_sniper_area_1, sprint2_heavy_combat_area_1,
          sprint2_mutation_trap_area_1, sprint2_forest_area_1,
          sprint2_light_combat_area_1, sprint2_behind_water_1,
          sprint2_near_end_vault_1]

Skill      XL: |  1  2  3  4  5  6  7  8  9 |
---------------+----------------------------+-----
Short Blades   | 3 4 6 7 8 |  8.0
Stealth        | 4 5 6 7 8 11 12 | 12.4
Spellcasting   | 3 4 5 6 7 |  7.8
Hexes          | 4 5 6 7 8 9 |  9.1
Conjurations   | 2 4 8 |  8.1
Ice Magic      | 2 4 |  4.0
Dodging        | 2 5 |  5.0
Fighting       | 5 |  5.0
Fire Magic     | 6 |  6.9

Action                   |  1- 3 |  4- 6 |  7- 9 | 10-12 || total
-------------------------+-------+-------+-------+-------++-------
Melee: Dagger            |     4 |    35 |       |       ||    39
       Short sword       |       |       |    60 |     5 ||    65
       Punch             |       |       |     1 |       ||     1
 Cast: Confusing Touch   |       |     1 |     6 |       ||     7
       Ensorcelled Hiber |       |     1 |    10 |       ||    11
       Dazzling Flash    |       |       |     5 |     1 ||     6
       Fireball          |       |       |       |    19 ||    19
  Use: Potion            |     2 |     2 |     1 |       ||     5
       Scroll            |       |       |     2 |     6 ||     8
 Stab: Invisible         |     3 |     7 |     3 |     2 ||    15
       Sleeping          |       |     1 |    10 |       ||    11
       Confused          |       |       |     6 |       ||     6
Armor: Leather armour    |       |       |    14 |       ||    14
Dodge: Dodged            |     3 |    16 |    52 |     1 ||    72

Table legend: (Time is in decaauts)
 A = Elapsed time spent in this place.
 B = Non-inter-level travel time spent in this place.
 C = Inter-level travel time spent in this place.
 D = Time resting spent in this place.
 E = Time spent auto-exploring this place.
 F = Levels seen in this place.
 G = Mean time per level.
                   A        B        C        D        E       F      G
               +--------+--------+--------+--------+--------+-----+--------+
         Total |   2752 |   2747 |      5 |   1770 |      0 |   1 | 2752.0 |
       Dungeon |   2752 |   2747 |      5 |   1770 |      0 |   1 | 2752.0 |
               +--------+--------+--------+--------+--------+-----+--------+

Top non-repeatable levels by time:
       D: 2752 daAuts
